 Dungeon Sprint DCSS version 0.20-a0-350-ga83eecc (webtiles) character file.

1832 Kalmpela the Basher (level 9, 0/85 HPs)
             Began as an Ogre Hunter on Dec 24, 2016.
             Was an Initiate of Trog.
             Slain by a centaur warrior (7 damage)
             ... in the Dungeon (Sprint I: "Red Sonja").
             The game lasted 00:10:09 (849 turns).

Kalmpela the Basher (Ogre Hunter)                    Turns: 849, Time: 00:10:10

Health: 0/85       AC:  3    Str: 21    XL:     9   Next: 11%
Magic:  9/9        EV: 10    Int: 12    God:    Trog [......]
Gold:   496        SH:  0    Dex:  9    Spells: 8/8 levels left

rFire  . . .     SeeInvis .     l - +0 giant spiked club
rCold  . . .     Gourm    .     q - +0 robe
rNeg   . . .     Faith    .     (shield currently unavailable)
rPois  .         Spirit   .     (helmet restricted)
rElec  .         Reflect  .     (no cloak)
rCorr  .         Harm     .     (gloves unavailable)
MR     .....     NoTele   +     (boots unavailable)
Stlth  ++........               (no amulet)
                                (no ring)
                                (no ring)

@: no status effects
A: unfitting armour, tough skin 1
a: Burn Spellbooks, Renounce Religion


You were in the Dungeon.
You worshipped Trog.
Trog was noncommittal.
You were not hungry.

You visited 1 branch You collected 769 gold pieces.
You spent 273 gold pieces at shops.

Inventory:

Hand Weapons
 a - a +0 short sword
 l - a +0 giant spiked club (weapon)
Missiles
 c - 9 curare-tipped needles
 d - a throwing net
 e - 3 large rocks (quivered)
 n - 12 stones
Armour
 b - a +0 robe
 m - a +0 robe
 q - a +0 robe (worn)
Scrolls
 k - a scroll of identify {unknown}
 p - a scroll of remove curse {unknown}
Potions
 g - 3 potions of heal wounds
 h - a potion of haste
 i - 2 potions of magic
 j - a potion of berserk rage
 o - 3 potions of curing
Comestibles
 f - a bread ration


   Skills:
 - Level 4.5 Fighting
 * Level 14.5 Maces & Flails
 - Level 10.7 Throwing
 - Level 3.1 Dodging
 - Level 2.2 Stealth


You had 8 spell levels left.
You didn't know any spells.

Dungeon Overview and Level Annotations

Branches:
Dungeon (1/1)

Altars:
Cheibriados
Dithmenos
Elyvilon
Fedhas
Gozag
Hepliaklqana
Kikubaaqudgha
Nemelex Xobeh
Okawaru
Qazlal
Ru
Sif Muna
Trog
Uskayaw
Vehumet
Yredelemnul
Zin
The Shining One

Shops:
D *?[


Innate Abilities, Weirdness & Mutations

You are too large for most types of armour.
You have tough skin. (AC +1)


Message History

You hear a splash.
The centaur warrior shoots an arrow.
The arrow hits you!
The centaur warrior unwields an uncursed shortbow.
The centaur warrior hits you.
There is an open door, spattered with blood here.
Things that are here:
a longbow; 8 arrows You bludgeon the centaur warrior!!
The centaur warrior is heavily wounded.
The centaur warrior hits you but does no damage.
The centaur warrior hits you.
* * * LOW HITPOINT WARNING * * *
Okay, then.
Unknown command.
You barely miss the centaur warrior.
The centaur warrior is moderately wounded.
The centaur warrior hits you!
* * * LOW HITPOINT WARNING * * *
The centaur warrior hits you!
You die...

###############
<.#..'..#..'..#
..').#..').#..+
..#####'#####'# # #
..####..#...#.####§§#
..#__####..##.#(§§§(#
..#_____##'#..+§§§§§+
⌠⌠#_.∩...'..._#≈c§§§#
###_..__##_.#'##@###
#_____###'#[#)((.###
###########.####'###.##
∩........'...'.....')∩#
##++++####...##########
###.### #.#'#.# #.....#
#.....#


You could see a centaur warrior.

Vanquished Creatures
  A centaur warrior (D)
  A deep troll (D)
  Sigmund (D)
  A yak (D)
  An ogre (D)
  A jelly (D)
  Ijyb (D)
  4 ballistomycetes (D)
  A ballistomycete spore (D)
12 creatures vanquished.

Vanquished Creatures (others)
  A hydra (D)
  Sonja (D)
  A floating eye (D)
  A ballistomycete spore (D)
4 creatures vanquished.

Grand Total: 16 creatures vanquished

Notes
Turn   | Place    | Note
-------+----------+-------------------------------------------
     0 | D        | Kalmpela the Ogre Hunter began the quest for the Orb.
     0 | D        | Reached XP level 1. HP: 22/22 MP: 1/1
     2 | D        | Noticed Ijyb
    12 | D        | Killed Ijyb
    12 | D        | Reached XP level 2. HP: 22/33 MP: 2/2
    12 | D        | Reached XP level 3. HP: 27/40 MP: 3/3
    19 | D        | Noticed an ogre
    21 | D        | Killed an ogre
    21 | D        | Reached XP level 4. HP: 35/49 MP: 4/4
   114 | D        | Noticed Sigmund
   116 | D        | Killed Sigmund
   116 | D        | Reached skill level 6 in Maces & Flails
   116 | D        | Reached XP level 5. HP: 48/55 MP: 5/5
   116 | D        | Reached XP level 6. HP: 56/63 MP: 6/6
   143 | D        | Found a deep blue altar of Sif Muna.
   145 | D        | Reached skill level 10 in Throwing
   146 | D        | Found a radiant altar of Vehumet.
   169 | D        | Found Seoneorod's Magic Scroll Emporium.
   169 | D        | Found an ancient bone altar of Kikubaaqudgha.
   169 | D        | Found a hazy altar of Hepliaklqana.
   169 | D        | Found a hide-covered altar of Uskayaw.
   169 | D        | Found a basalt altar of Yredelemnul.
   169 | D        | Found an opulent altar of Gozag.
   169 | D        | Found a snail-covered altar of Cheibriados.
   169 | D        | Found a sacrificial altar of Ru.
   169 | D        | Found a shadowy altar of Dithmenos.
   169 | D        | Noticed a yak
   173 | D        | Killed a yak
   173 | D        | Reached skill level 8 in Maces & Flails
   173 | D        | Reached XP level 7. HP: 36/71 MP: 7/7
   174 | D        | Found a stormy altar of Qazlal.
   174 | D        | Found a blossoming altar of Fedhas.
   174 | D        | Found a bloodstained altar of Trog.
   174 | D        | Found an iron altar of Okawaru.
   174 | D        | Found a glowing golden altar of the Shining One.
   174 | D        | Found a glowing silver altar of Zin.
   174 | D        | Found a white marble altar of Elyvilon.
   176 | D        | Found a sparkling altar of Nemelex Xobeh.
   185 | D        | Became a worshipper of Trog the Wrathful
   339 | D        | Noticed Sonja
   465 | D        | Killed Sonja
   465 | D        | Reached skill level 10 in Maces & Flails
   573 | D        | Noticed a deep troll
   575 | D        | Killed a deep troll
   575 | D        | Reached skill level 12 in Maces & Flails
   575 | D        | Reached XP level 8. HP: 79/79 MP: 8/8
   583 | D        | Killed a 12-headed hydra
   589 | D        | Found Xyguol's Armour Emporium.
   609 | D        | Found Jeahubus's Assorted Antiques.
   617 | D        | Bought a potion of heal wounds for 105 gold pieces
   617 | D        | Bought a potion of heal wounds for 105 gold pieces
   617 | D        | Bought a potion of curing for 63 gold pieces
   842 | D        | Noticed a centaur warrior
   844 | D        | Noticed a centaur warrior
   844 | D        | Killed a centaur warrior
   844 | D        | Reached skill level 14 in Maces & Flails
   844 | D        | Reached XP level 9. HP: 80/85 MP: 9/9
   849 | D        | Slain by a centaur warrior

Vault maps used:
D:        dungeon_sprint_1

Skill      XL: |  1  2  3  4  5  6  7  8 |
---------------+-------------------------+-----
Fighting       | 4 |  4.5
Dodging        | 3 |  3.1
Stealth        | 2 |  2.2
Throwing       | 8 9 10 | 10.7
Maces & Flails | 6 8 12 14 | 14.5

Action                   |  1- 3 |  4- 6 |  7- 9 || total
-------------------------+-------+-------+-------++-------
Melee: Short sword       |     4 |       |       ||     4
       Giant spiked club |       |       |     6 ||     6
Throw: Large rock        |     7 |     7 |    14 ||    28
       Throwing net      |     1 |       |     2 ||     3
       Stone             |       |       |     8 ||     8
  Use: Scroll            |       |       |     1 ||     1
       Potion            |       |       |     1 ||     1
Armor: Robe              |     1 |       |     1 ||     2
Dodge: Dodged            |     1 |       |     5 ||     6
